TOP OF THE 1ST |
Pawnee ParksNRec batting - Pitching for Hialeah Dodos : RHP César Soto
|
Pitching: RHP César Soto
|
|
Batting: RHB Hiroshige Ohashi
|
0-0: Called Strike 0-1: Ground out 5-3 (Groundball, 5, EV 77.5 MPH)
|
Batting: RHB Bartolo Álvarez
|
0-0: Foul Ball, location: 2F 0-1: Ball 1-1: SINGLE (Groundball, 4MD, EV 110.0 MPH)
|
Batting: LHB Won-shik Yi
|
0-0: Ball 1-0: Fly out, F8 (Flyball, 8RS, EV 88.8 MPH)
|
Batting: LHB Tom Washington
|
0-0: Called Strike 0-1: Ground out U3 (Groundball, 3, EV 87.5 MPH)
|
Top of the 1st over - 0 runs, 1 hit, 0 errors, 1 left on base; Pawnee 0 - Hialeah 0 |
BOTTOM OF THE 1ST |
Hialeah Dodos batting - Pitching for Pawnee ParksNRec : RHP Manuel Ruíz
|
Pitching: RHP Manuel Ruíz
|
|
Batting: LHB Richard Edwards
|
0-0: Foul Ball, location: 2F 0-1: Called Strike 0-2: Ball 1-2: Ball 2-2: Ball 3-2: Base on Balls
|
Batting: RHB Yaakov Shmerkin
|
0-0: Called Strike 0-1: Ball 1-1: Ball 2-1: Swinging Strike 2-2: Fly out, F7 (Flyball, 7, EV 88.1 MPH)
|
Batting: LHB Ramón Morterero
|
0-0: Fielders Choice at 2nd, 4-6 (Groundball, 34, EV 102.5 MPH)
|
Batting: RHB Mulia Muljana
|
0-0: Ball 1-0: Called Strike 1-1: Ball 2-1: Swinging Strike 2-2: Ground out 4-3 (Groundball, 4S, EV 79.4 MPH)
|
Bottom of the 1st over - 0 runs, 0 hits, 0 errors, 1 left on base; Pawnee 0 - Hialeah 0 |
TOP OF THE 2ND |
Pawnee ParksNRec batting - Pitching for Hialeah Dodos : RHP César Soto
|
Batting: RHB Josh Mawdesley
|
0-0: Fly out, F9 (Line Drive, 9, EV 98.8 MPH)
|
Batting: RHB Charles Atkinson
|
0-0: Called Strike 0-1: Foul Ball, location: 2F 0-2: Strikes out swinging
|
Batting: RHB Terry Boyle
|
0-0: Called Strike 0-1: Ball 1-1: Ground out 5-3 (Groundball, 56S, EV 76.2 MPH)
|
Top of the 2nd over - 0 runs, 0 hits, 0 errors, 0 left on base; Pawnee 0 - Hialeah 0 |
BOTTOM OF THE 2ND |
Hialeah Dodos batting - Pitching for Pawnee ParksNRec : RHP Manuel Ruíz
|
Batting: LHB Dallas McMurran
|
0-0: Foul Ball, location: 2F 0-1: Ball 1-1: Ball 2-1: Foul Ball, location: 2F 2-2: Ball 3-2: Foul Ball, location: 2F 3-2: SINGLE (Flyball, 9S, EV 86.9 MPH)
|
Batting: LHB Keith Pick
|
0-0: Ball 1-0: Foul Ball, location: 2F 1-1: Foul Ball, location: 2F 1-2: Ball 2-2: Foul Ball, location: 2F 2-2: Ball 3-2: Base on Balls Dallas McMurran to second
|
Batting: LHB Gabriel Montoya
|
0-0: Called Strike 0-1: SINGLE (Flyball, 9LS, EV 90.6 MPH) Dallas McMurran to third Keith Pick to second
|
Batting: RHB Sergio San Martín
|
0-0: Swinging Strike 0-1: Ball 1-1: Ball 2-1: Ball 3-1: Foul Ball, location: 2F 3-2: Base on Balls Dallas McMurran scores Keith Pick to third Gabriel Montoya to second
|
Batting: SHB Xavier Mercier
|
0-0: Ball 1-0: Ball Wild Pitch! Keith Pick scores Gabriel Montoya to third Sergio San Martín to second 2-0: Ball 3-0: Called Strike 3-1: Base on Balls
|
Batting: LHB Richard Edwards
|
0-0: Ball 1-0: Ball 2-0: Ball 3-0: Base on Balls Gabriel Montoya scores Sergio San Martín to third Xavier Mercier to second
|
Batting: RHB Yaakov Shmerkin
|
0-0: Called Strike 0-1: Grounds into double play, 6-4-3 (Groundball, 6, EV 82.5 MPH) Sergio San Martín scores Xavier Mercier to third
|
Batting: LHB Ramón Morterero
|
0-0: Ball 1-0: Ball 2-0: Foul Ball, location: 2F 2-1: Foul Ball, location: 2F 2-2: Foul Ball, location: 2F 2-2: SINGLE (Groundball, 3S, EV 78.8 MPH) (infield hit) Xavier Mercier scores
|
Batting: RHB Mulia Muljana
|
0-0: Called Strike 0-1: Ground out 4-3 (Groundball, 34, EV 103.1 MPH)
|
Bottom of the 2nd over - 5 runs, 3 hits, 0 errors, 1 left on base; Pawnee 0 - Hialeah 5 |
TOP OF THE 3RD |
Pawnee ParksNRec batting - Pitching for Hialeah Dodos : RHP César Soto
|
Batting: RHB Abel Murphy
|
0-0: Called Strike 0-1: Ground out 4-3 (Groundball, 4, EV 91.2 MPH)
|
Batting: SHB Ernesto Sacasas
|
0-0: Ball 1-0: SINGLE (Flyball, 8LS, EV 96.2 MPH)
|
Batting: RHB Hiroshige Ohashi
|
0-0: SINGLE (Groundball, 56, EV 100.0 MPH) Ernesto Sacasas to second
|
Batting: RHB Bartolo Álvarez
|
0-0: Foul Ball, location: 2F 0-1: Called Strike 0-2: Ball 1-2: Foul Ball, location: 2F 1-2: Strikes out swinging
|
Batting: LHB Won-shik Yi
|
0-0: Ground out 1-3 (Groundball, 13, EV 85.6 MPH)
|
Top of the 3rd over - 0 runs, 2 hits, 0 errors, 2 left on base; Pawnee 0 - Hialeah 5 |
BOTTOM OF THE 3RD |
Hialeah Dodos batting - Pitching for Pawnee ParksNRec : RHP Manuel Ruíz
|
Batting: LHB Dallas McMurran
|
0-0: Called Strike 0-1: Ball 1-1: Ball 2-1: SINGLE (Flyball, 78S, EV 93.1 MPH)
|
Batting: LHB Keith Pick
|
0-0: Ball 1-0: Called Strike 1-1: Called Strike 1-2: DOUBLE (Line Drive, 9LM, EV 104.4 MPH) Dallas McMurran to third
|
Pitching: RHP Ronald Wolfe
|
|
Batting: LHB Gabriel Montoya
|
0-0: Ball 1-0: Called Strike 1-1: Ball 2-1: DOUBLE (Groundball, 3L, EV 98.1 MPH) Dallas McMurran scores Keith Pick scores
|
Batting: RHB Sergio San Martín
|
0-0: Called Strike 0-1: Called Strike 0-2: Ball 1-2: Fly out, F6 (Popup, 6MS, EV 75.6 MPH)
|
Batting: SHB Xavier Mercier
|
0-0: Ball 1-0: Foul Ball, location: 2F 1-1: SINGLE (Popup, 5D, EV 70.6 MPH) Gabriel Montoya to third
|
Batting: LHB Richard Edwards
|
0-0: Called Strike 0-1: Fielders Choice at 2nd, 1-6 (Groundball, 13, EV 63.8 MPH)
|
Batting: RHB Yaakov Shmerkin
|
0-0: Ball 1-0: Foul Ball, location: 2F 1-1: SINGLE (Line Drive, 4D, EV 106.9 MPH) Gabriel Montoya scores Richard Edwards to second
|
Batting: LHB Ramón Morterero
|
0-0: Swinging Strike 0-1: Ball 1-1: Foul Ball, location: 2F 1-2: Fly out, F4 (Popup, 4M, EV 69.4 MPH)
|
Bottom of the 3rd over - 3 runs, 5 hits, 0 errors, 2 left on base; Pawnee 0 - Hialeah 8 |
TOP OF THE 4TH |
Pawnee ParksNRec batting - Pitching for Hialeah Dodos : RHP César Soto
|
Batting: LHB Tom Washington
|
0-0: Called Strike 0-1: Ball 1-1: Called Strike 1-2: Ball 2-2: Ball 3-2: Strikes out looking
|
Batting: RHB Josh Mawdesley
|
0-0: Called Strike 0-1: Ball 1-1: Ball 2-1: SINGLE (Groundball, 6D, EV 103.1 MPH)
|
Batting: RHB Charles Atkinson
|
Balk! Josh Mawdesley to second 0-0: Ball 1-0: TRIPLE (Flyball, 78XD, EV 105.6 MPH) Josh Mawdesley scores
|
Batting: RHB Terry Boyle
|
0-0: Called Strike 0-1: Ground out 6-3 (Groundball, 6, EV 102.5 MPH) Charles Atkinson scores
|
Batting: RHB Abel Murphy
|
0-0: Ball 1-0: Swinging Strike 1-1: Foul Ball, location: 2F 1-2: Ball 2-2: Ball 3-2: SINGLE (Groundball, 56D, EV 101.2 MPH)
|
Batting: SHB Ernesto Sacasas
|
0-0: Called Strike 0-1: DOUBLE (Line Drive, 9LS, EV 95.0 MPH) Abel Murphy to third Runner from 3rd tries for Home, SAFE, throw by RF to trailing runner, SAFE at third!
|
Batting: RHB Hiroshige Ohashi
|
0-0: Ball 1-0: Foul Ball, location: 2F 1-1: Ball 2-1: Foul Ball, location: 2F 2-2: Ball 3-2: Base on Balls
|
Batting: RHB Bartolo Álvarez
|
0-0: Ball 1-0: Foul Ball, location: 2F 1-1: Swinging Strike 1-2: Fielders Choice at 2nd, 5-4 (Groundball, 56, EV 100.6 MPH)
|
Top of the 4th over - 3 runs, 4 hits, 0 errors, 2 left on base; Pawnee 3 - Hialeah 8 |
BOTTOM OF THE 4TH |
Hialeah Dodos batting - Pitching for Pawnee ParksNRec : RHP Ronald Wolfe
|
Batting: RHB Mulia Muljana
|
0-0: Ball 1-0: Fly out, F9 (Flyball, 9S, EV 88.8 MPH)
|
Batting: LHB Dallas McMurran
|
0-0: Foul Ball, location: 2F 0-1: Ball 1-1: Swinging Strike 1-2: Foul Ball, location: 2F 1-2: Fly out, F9 (Flyball, 9D, EV 87.5 MPH)
|
Batting: LHB Keith Pick
|
0-0: Ball 1-0: Ball 2-0: Ground out 6-3 (Groundball, 6, EV 101.2 MPH)
|
Bottom of the 4th over - 0 runs, 0 hits, 0 errors, 0 left on base; Pawnee 3 - Hialeah 8 |
TOP OF THE 5TH |
Pawnee ParksNRec batting - Pitching for Hialeah Dodos : RHP César Soto
|
Batting: LHB Won-shik Yi
|
0-0: Foul Ball, location: 2F 0-1: Fly out, F7 (Flyball, 7, EV 93.8 MPH)
|
Batting: LHB Tom Washington
|
0-0: Ball 1-0: Ball 2-0: DOUBLE (Line Drive, 9LM, EV 110.0 MPH)
|
Batting: RHB Josh Mawdesley
|
0-0: Called Strike 0-1: Foul Ball, location: 2F 0-2: Foul Ball, location: 2F 0-2: Ground out 6-3 (Groundball, 6, EV 93.8 MPH)
|
Batting: RHB Charles Atkinson
|
0-0: Ball 1-0: Foul Ball, location: 2F 1-1: Ball 2-1: Foul Ball, location: 2F 2-2: Foul Ball, location: 2F 2-2: Foul Ball, location: 2F 2-2: Ball 3-2: Foul Ball, location: 2F 3-2: Base on Balls
|
Batting: RHB Terry Boyle
|
0-0: Swinging Strike 0-1: Foul Ball, location: 2F 0-2: Ball 1-2: Foul Ball, location: 2F 1-2: Foul Ball, location: 2F 1-2: Fly out, F7 (Flyball, 7LMF, EV 83.1 MPH)
|
Top of the 5th over - 0 runs, 1 hit, 0 errors, 2 left on base; Pawnee 3 - Hialeah 8 |
BOTTOM OF THE 5TH |
Hialeah Dodos batting - Pitching for Pawnee ParksNRec : RHP Ronald Wolfe
|
Batting: LHB Gabriel Montoya
|
0-0: Ball 1-0: Foul Ball, location: 2F 1-1: Called Strike 1-2: Foul Ball, location: 2F 1-2: Ball 2-2: Foul Ball, location: 2F 2-2: Foul Ball, location: 2F 2-2: Foul Ball, location: 2F 2-2: Strikes out swinging
|
Batting: RHB Sergio San Martín
|
0-0: Ball 1-0: Ball 2-0: Called Strike 2-1: SINGLE (Groundball, 6MD, EV 106.2 MPH)
|
Batting: SHB Xavier Mercier
|
0-0: Ball 1-0: SINGLE (Flyball, 9LS, EV 88.8 MPH) Sergio San Martín to second Runner from 2nd tries for 3rd, SAFE, throw by RF made to third
|
Batting: LHB Richard Edwards
|
0-0: Swinging Strike 0-1: Foul Ball, location: 2F 0-2: Strikes out swinging
|
Batting: RHB Yaakov Shmerkin
|
0-0: Called Strike 0-1: Fly out, F7 (Line Drive, 7, EV 99.4 MPH)
|
Bottom of the 5th over - 0 runs, 2 hits, 0 errors, 2 left on base; Pawnee 3 - Hialeah 8 |
TOP OF THE 6TH |
Pawnee ParksNRec batting - Pitching for Hialeah Dodos : RHP César Soto
|
Batting: RHB Abel Murphy
|
0-0: Ball 1-0: Ball 2-0: Fly out, F4 (Popup, 34D, EV 65.6 MPH)
|
Batting: SHB Ernesto Sacasas
|
0-0: Ball 1-0: Ground out 1-3 (Groundball, 23, EV 71.9 MPH)
|
Batting: RHB Hiroshige Ohashi
|
0-0: Foul Ball, location: 2F 0-1: Swinging Strike 0-2: Ball 1-2: Ball 2-2: Fly out, F7 (Flyball, 78M, EV 86.2 MPH)
|
Top of the 6th over - 0 runs, 0 hits, 0 errors, 0 left on base; Pawnee 3 - Hialeah 8 |
BOTTOM OF THE 6TH |
Hialeah Dodos batting - Pitching for Pawnee ParksNRec : RHP Ronald Wolfe
|
Batting: LHB Ramón Morterero
|
0-0: Ball 1-0: Ball 2-0: Foul Ball, location: 2F 2-1: Fly out, F8 (Line Drive, 8LM, EV 100.6 MPH)
|
Batting: RHB Mulia Muljana
|
0-0: Called Strike 0-1: Ball 1-1: Ball 2-1: Foul Ball, location: 2F 2-2: Foul Ball, location: 2F 2-2: Foul Ball, location: 2F 2-2: Fly out, F4 (Popup, 4S, EV 85.6 MPH)
|
Pitching: RHP Arie de Nooyer
|
|
Batting: LHB Dallas McMurran
|
0-0: Ball 1-0: Ball 2-0: Called Strike 2-1: SINGLE (Groundball, 6MD, EV 98.8 MPH)
|
Batting: LHB Keith Pick
|
0-0: Ball 1-0: Called Strike 1-1: Ball 2-1: Ground out 4-3 (Groundball, 4M, EV 81.9 MPH)
|
Bottom of the 6th over - 0 runs, 1 hit, 0 errors, 1 left on base; Pawnee 3 - Hialeah 8 |
TOP OF THE 7TH |
Pawnee ParksNRec batting - Pitching for Hialeah Dodos : RHP César Soto
|
Pitching: RHP Henry Henry
|
|
Batting: RHB Bartolo Álvarez
|
0-0: Swinging Strike 0-1: SINGLE (Line Drive, 8RS, EV 97.5 MPH)
|
Batting: LHB Won-shik Yi
|
0-0: Foul Ball, location: 2F 0-1: Ball 1-1: SINGLE (Groundball, 6D, EV 106.2 MPH) Bartolo Álvarez to second
|
Batting: LHB Tom Washington
|
0-0: Ball 1-0: Ball 2-0: Ball 3-0: Called Strike 3-1: Foul Ball, location: 2F 3-2: Grounds into double play, 4-6-3 (Groundball, 34, EV 100.6 MPH) Bartolo Álvarez to third
|
Batting: RHB Josh Mawdesley
|
0-0: Ball 1-0: Ball 2-0: Ball 3-0: Called Strike 3-1: Base on Balls
|
Batting: RHB Charles Atkinson
|
0-0: Ball 1-0: Fielders Choice at 2nd, 6-4 (Groundball, 6, EV 83.8 MPH)
|
Top of the 7th over - 0 runs, 2 hits, 0 errors, 2 left on base; Pawnee 3 - Hialeah 8 |
BOTTOM OF THE 7TH |
Hialeah Dodos batting - Pitching for Pawnee ParksNRec : RHP Arie de Nooyer
|
Batting: LHB Gabriel Montoya
|
0-0: Ball 1-0: Foul Ball, location: 2F 1-1: Swinging Strike 1-2: Strikes out swinging
|
Batting: RHB Sergio San Martín
|
0-0: Foul Ball, location: 2F 0-1: Ball 1-1: Fly out, F7 (Flyball, 7, EV 91.9 MPH)
|
Batting: SHB Xavier Mercier
|
0-0: Swinging Strike 0-1: Ball 1-1: Swinging Strike 1-2: Ball 2-2: SINGLE (Groundball, 4D, EV 96.9 MPH)
|
Batting: LHB Richard Edwards
|
0-0: Swinging Strike 0-1: Ball 1-1: Ball 2-1: Foul Ball, location: 2F 2-2: Ball 3-2: Ground out U3 (Groundball, 3L, EV 88.1 MPH)
|
Bottom of the 7th over - 0 runs, 1 hit, 0 errors, 1 left on base; Pawnee 3 - Hialeah 8 |
TOP OF THE 8TH |
Pawnee ParksNRec batting - Pitching for Hialeah Dodos : RHP Henry Henry
|
Batting: RHB Terry Boyle
|
0-0: Called Strike 0-1: Ball 1-1: Ground out 1-3 (Groundball, 15, EV 88.8 MPH)
|
Batting: RHB Abel Murphy
|
0-0: Foul Ball, location: 2F 0-1: SINGLE (Groundball, 56D, EV 98.1 MPH)
|
Pitching: LHP Hakan Yilmanz
|
|
Batting: SHB Ernesto Sacasas
|
0-0: Ball 1-0: Foul Ball, location: 2F 1-1: Called Strike 1-2: Ball 2-2: Foul Ball, location: 2F 2-2: Foul Ball, location: 2F 2-2: Strikes out looking
|
Batting: RHB Hiroshige Ohashi
|
0-0: Ball 1-0: Foul Ball, location: 2F 1-1: Ball 2-1: Ball 3-1: Foul Ball, location: 2F 3-2: Strikes out swinging
|
Top of the 8th over - 0 runs, 1 hit, 0 errors, 1 left on base; Pawnee 3 - Hialeah 8 |
BOTTOM OF THE 8TH |
Hialeah Dodos batting - Pitching for Pawnee ParksNRec : RHP Arie de Nooyer
|
Batting: RHB Yaakov Shmerkin
|
0-0: Called Strike 0-1: Ball 1-1: Ball 2-1: Ball 3-1: Foul Ball, location: 2F 3-2: Foul Ball, location: 2F 3-2: Foul Ball, location: 2F 3-2: Foul Ball, location: 2F 3-2: DOUBLE (Line Drive, 8LXD, EV 104.4 MPH)
|
Pitching: LHP Markus Jutzi
|
|
Pinch Runner at 2nd Jon Deal:
|
|
Batting: LHB Ramón Morterero
|
0-0: Ball 1-0: Foul Ball, location: 2F 1-1: Called Strike 1-2: Foul Ball, location: 2F 1-2: Strikes out swinging
|
Batting: RHB Mulia Muljana
|
0-0: Foul Ball, location: 2F 0-1: Fly out, F3 (Popup, 34S, EV 81.9 MPH)
|
Batting: LHB Dallas McMurran
|
0-0: Called Strike 0-1: Ball 1-1: Foul Ball, location: 2F 1-2: Foul Ball, location: 2F 1-2: Foul Ball, location: 2F 1-2: Ball 2-2: Ball 3-2: Foul Ball, location: 2F 3-2: Fly out, F9 (Flyball, 9LMF, EV 90.0 MPH)
|
Bottom of the 8th over - 0 runs, 1 hit, 0 errors, 1 left on base; Pawnee 3 - Hialeah 8 |
TOP OF THE 9TH |
Pawnee ParksNRec batting - Pitching for Hialeah Dodos : LHP Hakan Yilmanz
|
Now in LF: Ron Lawrence
|
|
Batting: RHB Bartolo Álvarez
|
0-0: Foul Ball, location: 2F 0-1: SINGLE (Line Drive, 7LS, EV 105.0 MPH)
|
Batting: LHB Won-shik Yi
|
0-0: Fly out, F8 (Flyball, 78M, EV 90.0 MPH)
|
Batting: LHB Tom Washington
|
0-0: Ball 1-0: Swinging Strike 1-1: Fly out, F7 (Flyball, 78XD, EV 87.5 MPH)
|
Batting: RHB Josh Mawdesley
|
0-0: Called Strike 0-1: Fielders Choice at 2nd, U6 (Groundball, 6M, EV 107.5 MPH)
|
Top of the 9th over - 0 runs, 1 hit, 0 errors, 1 left on base; Pawnee 3 - Hialeah 8 |
|